[Event "Titled Tuesday Blitz June 21 Early 2022"]
[White "Pham, Tran Gia Phuc"]
[Black "Bethke, Richard"]
[WhiteFideId "12415669"]
[BlackFideId "12959243"]
[WhiteElo "1789"]
[BlackElo "2502"]
[Result "1-0"]
[Round "08"]
[TimeControl "180+1"]
[Date "2022.06.21"]
[WhiteClock "0:00:30"]
[BlackClock "0:00:10"]

1. e4 c5 2. Nc3 Nc6 3. Bb5 Nd4 4. Nf3 Nxb5 5. Nxb5 g6 6. d4 a6 7. Nc3 cxd4 8. Qxd4 Nf6 9. e5 Nh5 10. e6 Bg7 11. exf7+ Kxf7 12. Ng5+ Ke8 13. Qc4 e6 14. O-O h6 15. Nf3 Rf8 16. Qe4 Qf6 17. Be3 Qf5 18. Qb4 Kf7 19. Bc5 Rd8 20. Ne4 Kg8 21. Be7 a5 22. Qe1 Bxb2 23. Rb1 Re8 24. Nd6 Qg4 25. h3 Qf4 26. Nxe8 Bh8 27. Bd6 Qc4 28. Qd2 Kh7 29. Ne5 Qh4 30. Nc7 Ra7 31. Qe3 b6 32. Rxb6 Bb7 33. Nb5 Nf4 34. Nf3 Nxh3+ 35. gxh3 Qxh3 36. Ng5+ hxg5 37. Qxh3+ 1-0


[Site "https://www.chess.com"]

[Event "Titled Tuesday Blitz June 21 Early 2022"]
[White "Piesik, Piotr"]
[Black "Rustemov, Alexander"]
[WhiteFideId "1136194"]
[BlackFideId "4119002"]
[WhiteElo "2247"]
[BlackElo "2743"]
[Result "1-0"]
[Round "08"]
[TimeControl "180+1"]
[Date "2022.06.21"]
[WhiteClock "0:00:58"]
[BlackClock "0:00:13"]

1. Nf3 c5 2. g3 g6 3. Bg2 Bg7 4. O-O Nc6 5. c4 e6 6. Nc3 Nge7 7. d3 O-O 8. e4 d6 9. Bg5 h6 10. Be3 e5 11. Qd2 Kh7 12. Ne1 f5 13. f4 Be6 14. Nf3 Qd7 15. fxe5 dxe5 16. Nd5 b6 17. Nh4 Rad8 18. a3 Rf7 19. Rad1 Rdf8 20. b4 cxb4 21. axb4 f4 22. gxf4 exf4 23. Rxf4 Rxf4 24. Bxf4 g5 25. Bxg5 hxg5 26. Qxg5 Bh6 27. Nf6+ Rxf6 28. Qxf6 Bg7 29. Qg5 Qd4+ 30. Kh1 Bf6 31. Qh5+ Kg7 32. Nf5+ Bxf5 33. exf5 Ne5 34. Be4 Qf2 35. Rg1+ Kf8 36. Qh6+ Kf7 37. Qh7+ Kf8 38. Bd5 Nxd5 39. Rg8# 1-0


[Site "https://www.chess.com"]

[Event "Titled Tuesday Blitz June 21 Early 2022"]
[White "Polster, Christian"]
[Black "Ferreira, Vitor Hugo Vieira"]
[WhiteFideId "12965081"]
[BlackFideId "2119765"]
[WhiteElo "2288"]
[BlackElo "2165"]
[Result "0-1"]
[Round "08"]
[TimeControl "180+1"]
[Date "2022.06.21"]
[WhiteClock "0:00:01"]
[BlackClock "0:00:03"]

1. e4 c5 2. Nc3 d6 3. Nge2 Nc6 4. d4 cxd4 5. Nxd4 Nf6 6. Bg5 Bd7 7. Qd2 Rc8 8. O-O-O Nxd4 9. Qxd4 Qa5 10. f4 Qc5 11. Qd2 e6 12. e5 h6 13. Bxf6 gxf6 14. Ne4 Qc6 15. Nxf6+ Kd8 16. Kb1 d5 17. Bd3 Qb6 18. f5 Ba3 19. c4 Ba4 20. Rc1 d4 21. fxe6 fxe6 22. Be4 Bb4 23. Qf2 Bc3 24. Ka1 Bb4 25. a3 Bc5 26. b4 Bxb4 27. axb4 Qxb4 28. Qxd4+ Ke7 29. Qb2 Qc5 30. Rhf1 Rc7 31. Bd5 a5 32. Ne4 Qb4 33. Qf2 exd5 34. Qf7+ Kd8 35. Qf6+ Kd7 36. Qg7+ Kc6 37. cxd5+ Kb5 0-1


[Site "https://www.chess.com"]

[Event "Titled Tuesday Blitz June 21 Early 2022"]
[White "Reprintsev, Alexander"]
[Black "Curtis, John"]
[WhiteFideId "14100541"]
[BlackFideId "3200256"]
[WhiteElo "2108"]
[BlackElo "2203"]
[Result "1-0"]
[Round "08"]
[TimeControl "180+1"]
[Date "2022.06.21"]
[WhiteClock "0:00:10"]
[BlackClock "0:00:08"]

1. e4 e5 2. f4 d5 3. exd5 exf4 4. Nf3 Qxd5 5. Nc3 Qh5 6. d4 Bb4 7. Bxf4 Nf6 8. Bc4 O-O 9. O-O c6 10. Ne5 Qxd1 11. Raxd1 Be6 12. Bxe6 fxe6 13. Ne2 Nbd7 14. c3 Be7 15. Nc4 Nd5 16. Bd6 Rxf1+ 17. Rxf1 Bd8 18. Ne5 N7f6 19. c4 Nb6 20. b3 Nc8 21. Ba3 Be7 22. Bxe7 Nxe7 23. Nf4 Ne4 24. Nxe6 Ng6 25. Nxg6 hxg6 26. Re1 Nf6 27. Nc5 Rd8 28. Nxb7 Rxd4 29. Re2 Ne4 30. g3 g5 31. Kg2 g4 32. Na5 c5 33. Nc6 Rd2 34. Rxd2 Nxd2 35. Nxa7 Kf7 36. Nc6 Ke6 37. h3 gxh3+ 38. Kxh3 Ne4 39. Kg4 Nc3 40. a4 Na2 41. a5 Kd6 42. Nd8 Nc1 43. a6 Kc7 44. a7 Nxb3 45. a8=Q Nd4 46. Qd5 Nc6 47. Qxc6+ Kxd8 48. Qb7 g5 49. Kf5 Ke8 50. Ke6 Kf8 51. Qf7# 1-0


[Site "https://www.chess.com"]

[Event "Titled Tuesday Blitz June 21 Early 2022"]
[White "Rios Escobar, Adan"]
[Black "Mitrovic, Darko R"]
[WhiteFideId "3403645"]
[BlackFideId "927023"]
[WhiteElo "2447"]
[BlackElo "2150"]
[Result "0-1"]
[Round "08"]
[TimeControl "180+1"]
[Date "2022.06.21"]
[WhiteClock "0:00:04"]
[BlackClock "0:00:02"]

1. d4 Nf6 2. g3 d5 3. Nf3 Bf5 4. c4 e6 5. Nc3 c6 6. Nh4 Bg6 7. Qb3 Qb6 8. Nxg6 hxg6 9. c5 Qc7 10. Bf4 Qc8 11. Bg2 Be7 12. O-O Nbd7 13. Rfd1 Nh5 14. Bd2 f5 15. f3 O-O 16. e4 b6 17. cxb6 axb6 18. Rac1 Qb7 19. exd5 exd5 20. f4 Nhf6 21. Re1 Rae8 22. Re2 Bd8 23. Rce1 Rxe2 24. Rxe2 Kf7 25. Be1 Re8 26. Re5 Nxe5 27. dxe5 Ne4 28. Bxe4 fxe4 29. Nxe4 Be7 30. Bf2 Kf8 31. Nc5 Bxc5 32. Bxc5+ Kf7 33. Qxb6 Qxb6 34. Bxb6 Rb8 35. Bd4 Ke6 36. a4 Rb4 37. Bc3 Rxa4 38. Kf2 Ra2 39. Ke3 c5 40. Kd3 Ra8 41. Bd2 Rc8 42. h3 Rc6 43. Be1 Rb6 44. Kc2 c4 45. Bf2 Rb3 46. h4 Rd3 47. Be1 Kf5 48. b4 Ke6 49. Bf2 Rb3 0-1


[Site "https://www.chess.com"]

[Event "Titled Tuesday Blitz June 21 Early 2022"]
[White "Rom, Jasper"]
[Black "Ziatdinov, Raset"]
[WhiteFideId "2023733"]
[BlackFideId "2015323"]
[WhiteElo "2233"]
[BlackElo "2220"]
[Result "0-1"]
[Round "08"]
[TimeControl "180+1"]
[Date "2022.06.21"]
[WhiteClock "0:00:01"]
[BlackClock "0:00:31"]

1. e4 c5 2. Nc3 Nc6 3. f4 g6 4. Nf3 Bg7 5. Bb5 Nd4 6. O-O a6 7. Bc4 d6 8. d3 Nf6 9. Nxd4 cxd4 10. Ne2 O-O 11. Bb3 b5 12. Qe1 Qb6 13. Kh1 a5 14. a4 bxa4 15. Rxa4 Nd7 16. Bd2 Nc5 17. Bxa5 Qa7 18. Ra3 Nxb3 19. cxb3 Qa6 20. Qd2 Qb5 21. b4 Ba6 22. Rc1 Rac8 23. h3 Rxc1+ 24. Qxc1 Rc8 25. Qd2 f5 26. Ng3 e6 27. exf5 exf5 28. Qe2 Re8 29. Qc2 Re3 30. Kh2 Rxd3 31. Rxd3 Qxd3 32. Qc6 Bf8 33. Bc7 Qb5 34. Qa8 Bb7 35. Qa2+ Kg7 36. b3 Qxb4 37. Qe2 Qxb3 38. Bd8 Qd5 39. Nf1 d3 40. Qf2 Kf7 41. Ne3 Qe4 42. Bb6 d5 43. Qh4 Kg8 44. Qf6 Qxf4+ 45. Kh1 Qd6 46. Qd4 Bg7 0-1


[Site "https://www.chess.com"]

[Event "Titled Tuesday Blitz June 21 Early 2022"]
[White "Rosenberg, Evan S"]
[Black "Pappelis, Dimitrios"]
[WhiteFideId "2019299"]
[BlackFideId "4215281"]
[WhiteElo "2372"]
[BlackElo "1998"]
[Result "1-0"]
[Round "08"]
[TimeControl "180+1"]
[Date "2022.06.21"]
[WhiteClock "0:00:10"]
[BlackClock "0:00:58"]

1. e4 c6 2. d4 d5 3. e5 Bf5 4. h4 h5 5. Bg5 Qa5+ 6. Nd2 e6 7. a3 c5 8. Nf3 Nc6 9. b4 cxb4 10. axb4 Qc7 11. c3 Be7 12. Nb3 Nh6 13. b5 Nb4 14. cxb4 Bxb4+ 15. Nbd2 Ng4 16. Be2 O-O 17. O-O a5 18. Rc1 Qb6 19. Nb3 a4 20. Nc5 a3 21. Nd7 Qa5 22. Nxf8 Bxf8 23. Ra1 Rc8 24. Bd3 Bxd3 25. Qxd3 Rc3 26. Qd2 Qc7 27. Rfc1 Bb4 28. Rxc3 Bxc3 29. Qc2 Bxa1 30. Qxc7 Bb2 31. Qxb7 a2 32. Qa8+ Kh7 33. Qxa2 1-0


[Site "https://www.chess.com"]

[Event "Titled Tuesday Blitz June 21 Early 2022"]
[White "Sadykov, Ramil"]
[Black "Aldokhin, Ivan"]
[WhiteFideId "24113590"]
[BlackFideId "24115720"]
[WhiteElo "2226"]
[BlackElo "2231"]
[Result "1-0"]
[Round "08"]
[TimeControl "180+1"]
[Date "2022.06.21"]
[WhiteClock "0:00:02"]
[BlackClock "0:00:01"]

1. e4 e6 2. d3 d5 3. Nd2 c5 4. Ngf3 Nc6 5. g3 Nf6 6. Bg2 g6 7. O-O dxe4 8. dxe4 Bg7 9. Qe2 O-O 10. e5 Nd5 11. Nc4 b6 12. Bg5 Qd7 13. Rad1 Qc7 14. Nd6 Nxe5 15. Nb5 Nxf3+ 16. Bxf3 Qb8 17. c4 a6 18. Na3 Nb4 19. Bxa8 Qxa8 20. Nb1 Bb7 21. f3 Nc6 22. Be3 Ne5 23. Nd2 f5 24. h3 h5 25. f4 Nc6 26. Nf3 e5 27. fxe5 Re8 28. Bf4 Nd8 29. Ng5 Ne6 30. Nxe6 Rxe6 31. Rd7 Bc6 32. Rc7 Be4 33. Qe3 Qf8 34. Rf2 Bxe5 35. Bxe5 Rxe5 36. Qg5 Re6 37. Rd2 Bc6 38. Rd8 Be8 39. Qf4 Kh8 40. Qd2 Kg8 41. Rcc8 Kf7 42. Kf2 1-0


[Site "https://www.chess.com"]

[Event "Titled Tuesday Blitz June 21 Early 2022"]
[White "Sailer, Mike"]
[Black "Sovetbekova, Nurai"]
[WhiteFideId "2012901"]
[BlackFideId "13801910"]
[WhiteElo "2109"]
[BlackElo "1646"]
[Result "0-1"]
[Round "08"]
[TimeControl "180+1"]
[Date "2022.06.21"]
[WhiteClock "0:00:21"]
[BlackClock "0:01:02"]

1. d4 Nf6 2. Nf3 g6 3. Bf4 Bg7 4. e3 O-O 5. Be2 d6 6. O-O c5 7. c4 b6 8. Nc3 Bb7 9. d5 Nbd7 10. e4 Ng4 11. h3 Nge5 12. Nxe5 Nxe5 13. Bh2 f5 14. exf5 Rxf5 15. f4 Nd7 16. Bg4 Rf8 17. Be6+ Kh8 18. f5 Ne5 19. fxg6 Nxg6 20. Qh5 Bc8 21. Rxf8+ Qxf8 22. Rf1 Bd4+ 23. Kh1 Qxf1+ 24. Bg1 Qxg1# 0-1


[Site "https://www.chess.com"]

[Event "Titled Tuesday Blitz June 21 Early 2022"]
[White "Samsonkin, Artiom"]
[Black "Andreikin, Dmitry"]
[WhiteFideId "13503111"]
[BlackFideId "4158814"]
[WhiteElo "2513"]
[BlackElo "2736"]
[Result "0-1"]
[Round "08"]
[TimeControl "180+1"]
[Date "2022.06.21"]
[WhiteClock "0:00:10"]
[BlackClock "0:02:30"]

1. d4 Nf6 2. Nf3 e6 3. Bf4 Nh5 4. Bg3 Nxg3 5. hxg3 g6 6. e4 Bg7 7. c3 d6 8. Bd3 Nd7 9. Nbd2 b6 10. Qe2 a6 11. a4 Bb7 12. d5 exd5 13. exd5+ Qe7 14. Qxe7+ Kxe7 15. a5 Nc5 16. Bc4 b5 17. Ba2 Nd3+ 18. Ke2 Nxb2 19. Rhc1 Rae8 0-1


[Site "https://www.chess.com"]

[Event "Titled Tuesday Blitz June 21 Early 2022"]
[White "Sanchez, Robert"]
[Black "Vidonyak, Roman"]
[WhiteFideId "2034360"]
[BlackFideId "14100622"]
[WhiteElo "2002"]
[BlackElo "2364"]
[Result "0-1"]
[Round "08"]
[TimeControl "180+1"]
[Date "2022.06.21"]
[WhiteClock "0:01:10"]
[BlackClock "0:01:41"]

1. e4 c5 2. Nf3 d6 3. d4 cxd4 4. Nxd4 Nf6 5. Nc3 a6 6. Be3 e5 7. Nb3 Be7 8. f3 Be6 9. Qd2 O-O 10. O-O-O Nbd7 11. g4 b5 12. g5 Nh5 13. Kb1 Nb6 14. Nd5 Nxd5 15. exd5 Bf5 16. Na5 f6 17. Nc6 Qd7 18. Rg1 Rac8 19. Bd3 Bxd3 20. Qxd3 fxg5 21. Bxg5 Bxg5 22. Rxg5 Nf4 23. Qe4 Kh8 24. Rdg1 g6 25. Nb4 Rc4 26. Qe1 Rfc8 27. R5g4 a5 28. Nd3 Rxc2 29. Nxf4 exf4 30. Rxf4 Qg7 0-1


[Site "https://www.chess.com"]

[Event "Titled Tuesday Blitz June 21 Early 2022"]
[White "Sapunov, Evgeny"]
[Black "Jeet, Jain"]
[WhiteFideId "4126661"]
[BlackFideId "5073022"]
[WhiteElo "2470"]
[BlackElo "2055"]
[Result "1-0"]
[Round "08"]
[TimeControl "180+1"]
[Date "2022.06.21"]
[WhiteClock "0:00:37"]
[BlackClock "0:00:39"]

1. c4 c5 2. Nf3 Nf6 3. Nc3 Nc6 4. e3 e6 5. d4 cxd4 6. exd4 d5 7. a3 Be7 8. c5 Ne4 9. Bb5 Nxc3 10. bxc3 O-O 11. O-O a6 12. Bxc6 bxc6 13. Bf4 a5 14. Ne5 Bd7 15. Rb1 f6 16. Nxd7 Qxd7 17. Qg4 Rfe8 18. Rfe1 Bf8 19. Rb6 Rac8 20. h4 Qf7 21. h5 e5 22. Be3 f5 23. Qf3 e4 24. Qh3 f4 25. Bd2 g5 26. hxg6 hxg6 27. Qg4 f3 28. gxf3 exf3 29. Re3 Rxe3 30. Bxe3 Rc7 31. a4 Kg7 32. Bf4 Rb7 33. Be5+ Kg8 34. Rxb7 Qxb7 35. Qxg6+ Bg7 36. Kh2 1-0


[Site "https://www.chess.com"]

[Event "Titled Tuesday Blitz June 21 Early 2022"]
[White "Sarana, Alexey"]
[Black "Barp, Alberto"]
[WhiteFideId "24133795"]
[BlackFideId "872555"]
[WhiteElo "2666"]
[BlackElo "2229"]
[Result "1-0"]
[Round "08"]
[TimeControl "180+1"]
[Date "2022.06.21"]
[WhiteClock "0:01:56"]
[BlackClock "0:01:59"]

1. d4 Nf6 2. c4 e6 3. Nc3 Bb4 4. e3 d5 5. Bd3 O-O 6. a3 Bxc3+ 7. bxc3 c6 8. Ne2 b6 9. cxd5 exd5 10. f3 Re8 11. O-O Ba6 12. Ng3 Bxd3 13. Qxd3 Nbd7 14. Bb2 Re6 15. Rae1 b5 16. e4 dxe4 17. fxe4 Nb6 18. Nf5 Nc4 19. Bc1 Ne8 20. Qf3 Qd7 21. e5 f6 22. Re4 fxe5 23. Nh6+ 1-0


[Site "https://www.chess.com"]

[Event "Titled Tuesday Blitz June 21 Early 2022"]
[White "Sargsyan, Anna M."]
[Black "Flynn, Jacob"]
[WhiteFideId "13308130"]
[BlackFideId "2509393"]
[WhiteElo "2271"]
[BlackElo "1896"]
[Result "1-0"]
[Round "08"]
[TimeControl "180+1"]
[Date "2022.06.21"]
[WhiteClock "0:01:56"]
[BlackClock "0:00:15"]

1. d4 Nf6 2. c4 e6 3. Nf3 d5 4. Nc3 c5 5. cxd5 exd5 6. g3 Nc6 7. Bg2 cxd4 8. Nxd4 Bc5 9. Nb3 Bb6 10. O-O d4 11. Na4 O-O 12. Bg5 Be6 13. Nxb6 axb6 14. Bxc6 Bxb3 15. Qxb3 bxc6 16. Rfd1 c5 17. e3 h6 18. Bf4 Nd5 19. Be5 f6 20. exd4 c4 21. Qxc4 fxe5 22. dxe5 Ra5 23. b4 1-0


[Site "https://www.chess.com"]

[Event "Titled Tuesday Blitz June 21 Early 2022"]
[White "Sarkar, Justin"]
[Black "Mrudul Dehankar"]
[WhiteFideId "2010011"]
[BlackFideId "25096990"]
[WhiteElo "2020"]
[BlackElo "1766"]
[Result "0-1"]
[Round "08"]
[TimeControl "180+1"]
[Date "2022.06.21"]
[WhiteClock "0:00:02"]
[BlackClock "0:00:08"]

1. e4 c5 2. Nf3 d6 3. d4 cxd4 4. Nxd4 Nf6 5. Nc3 a6 6. Bg5 Nbd7 7. Qe2 Qc7 8. O-O-O b5 9. a3 Bb7 10. f4 e6 11. Nf3 Rc8 12. Kb1 Qb6 13. e5 Rxc3 14. exf6 Rc7 15. fxg7 Bxg7 16. f5 e5 17. Qd2 d5 18. f6 Bxf6 19. Bxf6 Qxf6 20. Be2 Kd8 21. Rhf1 Qg6 22. Ng5 f5 23. g4 f4 24. h4 e4 25. Qxf4 Kc8 26. Nf7 Rd8 27. Nd6+ Kb8 28. g5 Nc5 29. Nf5 Ne6 30. Qg3 d4 31. Bg4 d3 32. cxd3 exd3 33. Nh6 d2+ 34. Bf5 Qe8 35. g6 hxg6 36. Bxg6 Qc6 37. Rf7 Rc8 38. Rxc7 Rxc7 39. Rxd2 Qc1+ 40. Ka2 Qxd2 41. Nf5 Bd5+ 0-1


[Site "https://www.chess.com"]

[Event "Titled Tuesday Blitz June 21 Early 2022"]
[White "Shton, Roman"]
[Black "Snehal, Bhosale"]
[WhiteFideId "14137461"]
[BlackFideId "5021995"]
[WhiteElo "2013"]
[BlackElo "2103"]
[Result "1-0"]
[Round "08"]
[TimeControl "180+1"]
[Date "2022.06.21"]
[WhiteClock "0:00:52"]
[BlackClock "0:00:44"]

1. d4 d5 2. Nf3 Nf6 3. g3 c6 4. Bg2 g6 5. c4 Bg7 6. Nc3 a6 7. O-O b5 8. cxd5 cxd5 9. Qb3 Nc6 10. Ne5 Nxd4 11. Qd1 Ng4 12. Nxg4 Bxg4 13. Bxd5 Ra7 14. Be3 e5 15. Bxd4 exd4 16. Bc6+ Kf8 17. Ne4 Re7 18. Rc1 f5 19. Ng5 Bxe2 20. Qb3 Bc4 21. Rxc4 bxc4 22. Qxc4 Qc8 23. Qd5 h6 24. Nf3 Qe6 25. Qc5 Be5 26. Re1 Qd6 27. Rxe5 Qxc5 28. Rxc5 Kg7 29. Rd5 Rc8 30. Nxd4 Re1+ 31. Kg2 Rd1 32. Ne6+ 1-0


[Site "https://www.chess.com"]

[Event "Titled Tuesday Blitz June 21 Early 2022"]
[White "Silvestre, Christian"]
[Black "Samaganova, Aleksandra"]
[WhiteFideId "30956269"]
[BlackFideId "13800221"]
[WhiteElo "2425"]
[BlackElo "1864"]
[Result "1-0"]
[Round "08"]
[TimeControl "180+1"]
[Date "2022.06.21"]
[WhiteClock "0:00:04"]
[BlackClock "0:00:28"]

1. d4 Nf6 2. Bg5 Ne4 3. Bc1 c5 4. dxc5 e6 5. Qd4 f5 6. Nc3 Bxc5 7. Qxg7 Bxf2+ 8. Kd1 Qf6 9. Qxf6 Nxf6 10. Nh3 Bc5 11. g3 d5 12. Bg2 Bd7 13. Bg5 Ng4 14. Kd2 h6 15. Bf4 Nc6 16. Ke1 O-O-O 17. Nd1 e5 18. Bd2 Be6 19. c3 Rd7 20. a4 Kb8 21. a5 a6 22. b4 Ba7 23. Rb1 d4 24. b5 axb5 25. Rxb5 e4 26. Nf4 Bc4 27. Rb1 d3 28. e3 Ba6 29. h3 Nge5 30. Rf1 Nc4 31. Ng6 Rg8 32. Nh4 Na3 33. Rc1 Nc2+ 34. Kf2 Ka8 35. Nxf5 Bb8 36. g4 h5 37. Bxe4 hxg4 38. hxg4 Rxg4 39. Bf3 Rg8 40. Rg1 Rf8 41. e4 Ne5 42. Nde3 Ka7 43. Nxc2 dxc2 44. Be3+ Ka8 45. Rxc2 Nd3+ 46. Kg2 Rg8+ 47. Kh1 Rxg1+ 48. Kxg1 Ne5 49. Be2 Bxe2 50. Rxe2 Rd1+ 51. Kg2 Ng4 52. Bd4 Rc1 53. Kf3 Nh2+ 54. Ke3 Rg1 55. Kd3 Rg8 56. Ne7 Re8 57. Nd5 Nf3 58. Nb6+ Ka7 59. Nd7+ Ka6 60. e5 Nxe5+ 61. Nxe5 Rd8 62. Kc4 Kxa5 63. Nd3 Ka6 64. Kb3 b5 65. Nb4+ Kb7 66. Re6 Bc7 67. Bc5 Kc8 68. Nc6 Rd5 69. Bd4 Kb7 70. Nb4 Rh5 71. Re7 Kc8 72. Bc5 Kd8 73. Rg7 Rxc5 74. Nd3 Rh5 75. Nb4 Kc8 76. Nc6 Kb7 77. Ne7 Kb6 78. Nc8+ Kb7 79. Nd6+ Kc6 80. Ne4 Rh4 81. Nf6 Kb7 82. Ne8 Rc4 83. Nd6+ Kc6 84. Nxc4 bxc4+ 85. Kxc4 Bd6 86. Rg6 Kd7 87. Kd5 Bf4 88. c4 Bd2 89. Rg4 Bb4 90. Rg2 Kc7 91. Re2 Be7 92. Rc2 Bf8 93. Ra2 Bg7 94. Rg2 Kd8 95. Rg4 Bf6 96. Rg6 Be7 97. Ke6 Ke8 98. Rg8+ Bf8 99. Rh8 Kd8 100. c5 Kc7 101. Rxf8 Kc6 102. Rf7 Kxc5 103. Rf8 Kd4 104. Rg8 Ke4 105. Rg6 Kd4 106. Rg8 Ke4 107. Rg6 Kd4 108. Rg5 Ke4 109. Kf6 Kd4 110. Rg4+ Ke3 111. Kf5 Kf3 112. Rb4 Ke3 113. Rh4 Kf3 114. Rh3+ Kg2 115. Ra3 Kf2 116. Kf4 Ke2 117. Rh3 Kd2 118. Ke4 Kc2 119. Kd4 Kd2 120. Rh2+ Ke1 121. Ra2 Kf1 122. Ke3 Kg1 123. Kf3 Kh1 124. Kg3 Kg1 125. Rf2 Kh1 126. Rf1# 1-0


[Site "https://www.chess.com"]

[Event "Titled Tuesday Blitz June 21 Early 2022"]
[White "Simonovic, Miroslav"]
[Black "Martin, Lewis"]
[WhiteFideId "919152"]
[BlackFideId "410551"]
[WhiteElo "2043"]
[BlackElo "2145"]
[Result "0-1"]
[Round "08"]
[TimeControl "180+1"]
[Date "2022.06.21"]
[WhiteClock "0:00:03"]
[BlackClock "0:00:22"]

1. d4 d5 2. Bg5 f6 3. Bh4 Nc6 4. e3 Nh6 5. f4 Nf5 6. Bf2 e5 7. g4 Nd6 8. dxe5 fxe5 9. Qxd5 exf4 10. exf4 Bxg4 11. Be2 Qe7 12. Nc3 O-O-O 13. O-O-O Be6 14. Qf3 g6 15. Bd3 Bg7 16. Nge2 Qf7 17. Kb1 Nb4 18. a3 Nxd3 19. Rxd3 Bf5 20. Rdd1 Qb3 21. Nd4 Bxd4 22. Rxd4 Nc4 23. Rxc4 Qxc4 24. Bxa7 Rd2 25. Rc1 Rxh2 26. Bf2 Rh3 27. Qd5 Rxc3 28. Qxc4 Rxc4 29. Be3 Re8 30. Bd2 Re2 31. Bc3 Rxf4 32. Rh1 h5 33. Rg1 Rxc2 34. Ka1 Rff2 35. Re1 Rfe2 36. Rd1 b6 37. Bf6 Kb7 38. Bc3 h4 39. Rh1 h3 40. Rg1 h2 41. Rh1 Be4 42. Rxh2 Rxh2 43. Ka2 Rxc3 44. a4 Rg3 45. a5 bxa5 0-1


[Site "https://www.chess.com"]

[Event "Titled Tuesday Blitz June 21 Early 2022"]
[White "Slugin, Sergey"]
[Black "Ovchinnikov, Vsevolod"]
[WhiteFideId "4122569"]
[BlackFideId "24176842"]
[WhiteElo "2358"]
[BlackElo "2376"]
[Result "1-0"]
[Round "08"]
[TimeControl "180+1"]
[Date "2022.06.21"]
[WhiteClock "0:00:53"]
[BlackClock "0:00:07"]

1. c4 Nf6 2. Nc3 d5 3. cxd5 Nxd5 4. Nf3 g6 5. h4 h6 6. Qb3 Nb6 7. g3 Be6 8. Qd1 Bg7 9. Bg2 Nc6 10. d3 Qd7 11. Be3 Nd5 12. Bd2 Rd8 13. Rc1 Nd4 14. Nxd4 Bxd4 15. O-O c6 16. Ne4 Bh3 17. Nc5 Qc8 18. e3 Bxg2 19. Kxg2 Bg7 20. e4 Nc7 21. Bc3 e5 22. b4 b6 23. Nb3 f5 24. Qf3 O-O 25. h5 gxh5 26. Qxh5 Rxd3 27. Bxe5 Bxe5 28. Rxc6 Rd6 29. Rxd6 Bxd6 30. Qg6+ Kh8 31. Qxh6+ Kg8 32. Qg6+ Kh8 33. Rh1# 1-0


[Site "https://www.chess.com"]

[Event "Titled Tuesday Blitz June 21 Early 2022"]
[White "Starozhilov, Leonid"]
[Black "Steinberg, Nitzan"]
[WhiteFideId "14106752"]
[BlackFideId "2801795"]
[WhiteElo "2414"]
[BlackElo "2471"]
[Result "1/2-1/2"]
[Round "08"]
[TimeControl "180+1"]
[Date "2022.06.21"]
[WhiteClock "0:01:41"]
[BlackClock "0:01:46"]

1. Nf3 d5 2. g3 g6 3. Bg2 Bg7 4. O-O e5 5. d3 Ne7 6. c4 O-O 7. cxd5 Nxd5 8. Qc2 Nc6 9. Nc3 Nb6 10. Bg5 f6 11. Be3 Be6 12. a3 a5 13. Na4 Nxa4 14. Qxa4 Qd7 15. Rfc1 Bd5 16. Rc5 Be6 17. Rac1 1/2-1/2


[Site "https://www.chess.com"]

[Event "Titled Tuesday Blitz June 21 Early 2022"]
[White "Stribuk, Artiom"]
[Black "Harvey, Marcus R"]
[WhiteFideId "13515659"]
[BlackFideId "400092"]
[WhiteElo "2259"]
[BlackElo "2485"]
[Result "1-0"]
[Round "08"]
[TimeControl "180+1"]
[Date "2022.06.21"]
[WhiteClock "0:00:21"]
[BlackClock "0:00:01"]

1. d4 Nf6 2. c4 e6 3. g3 d5 4. Nf3 dxc4 5. Bg2 c5 6. O-O Nc6 7. Qa4 Bd7 8. Qxc4 b5 9. Qd3 c4 10. Qc2 Rc8 11. Nc3 Qb6 12. Rd1 Be7 13. a3 O-O 14. e4 Na5 15. Be3 Nb3 16. Rab1 Rfd8 17. Ne5 Be8 18. Ne2 a5 19. h3 Qa6 20. Nc1 b4 21. Nxb3 cxb3 22. Qxb3 a4 23. Qd3 Bb5 24. Qd2 bxa3 25. bxa3 Bxa3 26. Qa2 Be7 27. d5 exd5 28. exd5 Bd6 29. Nc6 Re8 30. Bd4 Bc4 31. Qa1 Nxd5 32. Na7 Rcd8 33. Bxg7 Qxa7 34. Bxd5 Bxd5 35. Rxd5 Bxg3 36. Bd4 Bxf2+ 37. Kxf2 Qe7 38. Rg1+ 1-0


[Site "https://www.chess.com"]

[Event "Titled Tuesday Blitz June 21 Early 2022"]
[White "Sukandar, Irine Kharisma"]
[Black "Bachmann, Axel"]
[WhiteFideId "7101937"]
[BlackFideId "3700488"]
[WhiteElo "2293"]
[BlackElo "2587"]
[Result "0-1"]
[Round "08"]
[TimeControl "180+1"]
[Date "2022.06.21"]
[WhiteClock "0:00:01"]
[BlackClock "0:00:09"]

1. d4 Nf6 2. Nc3 d5 3. Bf4 a6 4. e3 c5 5. Nf3 cxd4 6. exd4 Nc6 7. a3 Bg4 8. Be2 e6 9. Be3 Bd6 10. h3 Bh5 11. O-O O-O 12. Re1 Rc8 13. Qd2 h6 14. Bf4 Bxf4 15. Qxf4 Bxf3 16. Bxf3 Qb6 17. Ne2 Qxb2 18. Rab1 Qxa3 19. Rxb7 Na5 20. Ra7 Rxc2 21. Ng3 Nc6 22. Rb7 Qc3 23. Rd1 Rb2 24. Rc7 Qc2 25. Rf1 Rb1 26. Kh2 Rxf1 27. Nxf1 Qa4 28. Qe3 Nxd4 29. Ng3 Nxf3+ 30. Qxf3 Qd4 31. Rb7 Qe5 0-1


[Site "https://www.chess.com"]

[Event "Titled Tuesday Blitz June 21 Early 2022"]
[White "Taichman, Ori"]
[Black "Dhanush, Bharadwaj"]
[WhiteFideId "2804069"]
[BlackFideId "25058746"]
[WhiteElo "2227"]
[BlackElo "2291"]
[Result "1/2-1/2"]
[Round "08"]
[TimeControl "180+1"]
[Date "2022.06.21"]
[WhiteClock "0:00:13"]
[BlackClock "0:00:16"]

1. e4 c6 2. d4 d5 3. e5 Bf5 4. h4 h5 5. Bd3 Bxd3 6. Qxd3 e6 7. Bg5 Qb6 8. Nd2 c5 9. c4 Nc6 10. Ngf3 cxd4 11. cxd5 Nb4 12. Qb3 Nxd5 13. Qxb6 Nxb6 14. Nxd4 Be7 15. Nb5 Kf8 16. Rc1 a6 17. Nc7 Rd8 18. Be3 Nd7 19. Nf3 Nh6 20. Bxh6 gxh6 21. Ke2 Nc5 22. Rhd1 Kg7 23. b4 Na4 24. b5 Rxd1 25. Kxd1 axb5 26. Nxb5 Rd8+ 27. Ke2 Rd5 28. Nc7 Ra5 29. Ne8+ Kf8 30. Rc8 Nb6 31. Rb8 Nd7 32. Rc8 Nb6 33. Rb8 Nd7 34. Rc8 Nb6 1/2-1/2


[Site "https://www.chess.com"]

[Event "Titled Tuesday Blitz June 21 Early 2022"]
[White "Tan, Zhongyi"]
[Black "Borisova, Ekaterina"]
[WhiteFideId "8603642"]
[BlackFideId "34124184"]
[WhiteElo "2510"]
[BlackElo "2039"]
[Result "0-1"]
[Round "08"]
[TimeControl "180+1"]
[Date "2022.06.21"]
[WhiteClock "0:00:20"]
[BlackClock "0:00:07"]

1. e4 c5 2. Nf3 Nc6 3. Bb5 e6 4. Bxc6 bxc6 5. b3 Ne7 6. Bb2 f6 7. e5 Ng6 8. Qe2 Be7 9. d3 O-O 10. Nbd2 fxe5 11. Nxe5 Nxe5 12. Bxe5 d6 13. Bb2 e5 14. O-O-O a5 15. a4 Bg5 16. Kb1 Bxd2 17. Rxd2 Be6 18. Rf1 Bd5 19. f4 exf4 20. c4 Bf7 21. Rxf4 Qd7 22. d4 Bg6+ 23. Ka2 Rxf4 24. dxc5 Qf5 25. cxd6 Rd8 26. Qe7 Rd7 27. Qe3 Re4 28. Qb6 c5 29. Qxa5 h6 30. Qb5 Kh7 31. Rd5 Qe6 32. Qxc5 Re2 33. Qd4 Rxg2 34. c5 Bf7 35. c6 Rxd6 36. Qd3+ Rg6 37. c7 Rxd5 38. Qc4 Ra5 39. c8=Q Rxa4+ 40. Qxa4 Qxc8 41. Qd4 Qa6+ 42. Kb1 Bxb3 43. h4 Qa2+ 44. Kc1 Qa4 45. h5 Rc6+ 0-1


[Site "https://www.chess.com"]